 Dungeon Crawl Stone Soup version 0.28-a0-649-g2b6bb2fd11 (webtiles) character file.

Game seed: 11422505691399933811

1550 MarxPower the Vandal (level 8, -6/52 (61) HPs)
             Began as a Minotaur Hunter on Oct 11, 2021.
             Was a Believer of Hepliaklqana.
             Mangled by a gargoyle (14 damage)
             ... on level 6 of the Dungeon.
             The game lasted 00:27:42 (5245 turns).

MarxPower the Vandal (Minotaur Hunter)              Turns: 5245, Time: 00:27:42

HP:   -6/52 (61)    AC: 10    Str: 14    XL:     8   Next: 57%
MP:   7/7           EV: 12    Int:  8    God:    Hepliaklqana [**....]
Gold: 463           SH:  0    Dex: 12    Spells: 7/7 levels left

rFire   . . .      SeeInvis .   E - +12 quarterstaff of Untruth {chaos, rPois rC+ Str-4}
rCold   + . .      Faith    .   (shield currently unavailable)
rNeg    . . .      Spirit   .   t - +3 ring mail {rPois}
rPois   +          Reflect  .   (helmet restricted)
rElec   .          Harm     .   (no cloak)
rCorr   .          Rampage  .   (no gloves)
Will    .....                   x - +0 pair of boots
Stlth   +.........              (no amulet)
HPRegen 0.17/turn               (no ring)
MPRegen 0.10/turn               (no ring)

@: heavily drained
A: reduced essence, horns 2, retaliatory headbutt
a: Renounce Religion, Ancestor Life: Knight, Ancestor Life: Battlemage, Ancestor
Life: Hexer, Recall Ancestor, Ancestor Identity


You were on level 6 of the Dungeon.
You worshipped Hepliaklqana.
Hepliaklqana was pleased with you.
You visited 1 branch of the dungeon, and saw 6 of its levels.

You collected 463 gold pieces.

Inventory:

Hand Weapons
 a - a +1 hunting sling
 b - a +0 short sword
 h - a +1 dagger of venom
 o - a +2 trident of holy wrath
 q - a +5 spear
 E - the +12 quarterstaff of Untruth (weapon) {chaos, rPois rC+ Str-4}
   (You found it on level 5 of the Dungeon)

   Each time it hits an enemy it has a different, random effect.
   Str:       It affects your strength (-4).
   rC:        It protects you from cold.
   rPois:     It protects you from poison.
Missiles
 d - 43 sling bullets
 g - 81 stones (quivered)
 k - 2 boomerangs
Armour
 c - a +0 leather armour
 t - a +3 ring mail of poison resistance (worn)
 x - a +0 pair of boots (worn)
Jewellery
 F - a +4 ring of protection
 G - a +6 ring of strength
Wands
 v - a wand of iceblast (12)
 C - a wand of flame (26)
Scrolls
 i - a scroll of summoning
 m - a scroll of silence {unknown}
 r - a scroll of acquirement {unknown}
 s - a scroll of fog {unknown}
 w - 2 scrolls of brand weapon {unknown}
 y - a scroll of amnesia {unknown}
 z - 2 scrolls of vulnerability {unknown}
 A - a scroll of blinking {unknown}
 D - 4 scrolls of identify {unknown}
Potions
 e - a potion of degeneration {unknown}
 f - a potion of mutation {unknown}
 j - 2 potions of lignification {unknown}
 l - 2 potions of haste {unknown}
 n - a potion of might {unknown}
 p - 4 potions of heal wounds {unknown}
 B - a potion of brilliance {unknown}
 H - a potion of flight {unknown}


   Skills:
 + Level 5.0 Fighting
 + Level 5.8(6.0) Polearms
 + Level 2.0(4.2) Staves
 + Level 7.4(7.7) Slings
 + Level 2.4(4.9) Throwing
 + Level 5.0 Armour
 + Level 4.3 Dodging
 + Level 1.7 Stealth


You had 7 spell levels left.
You didn't know any spells.
Your spell library contained the following spells:

 Spells                   Type           Power      Damage    Failure   Level
 Magic Dart               Conj           0%         1d3       63%         1
 Sandblast                Erth           0%         2d4       63%         1
 Shock                    Conj/Air       0%         1d3       63%         1
 Call Imp                 Summ           0%         N/A       77%         2
 Passwall                 Tmut/Erth      0%         N/A       77%         2
 Inner Flame              Hex/Fire       0%         N/A       94%         3
 Mephitic Cloud           Conj/Pois/Air  0%         N/A       94%         3
 Stone Arrow              Conj/Erth      0%         3d7       94%         3
 Swiftness                Air            0%         N/A       94%         3
 Airstrike                Air            0%         N/A       100%        4
 Cause Fear               Hex            0%         N/A       100%        4
 Discord                  Hex            0%         N/A       100%        8


Dungeon Overview and Level Annotations

Branches:
Dungeon (6/15)             Temple (0/1) D:5

Altars:
Gozag
Hepliaklqana
Trog

Shops:
D:6 *

Annotations:
D:6 Liado's ghost, novice DgFi


Innate Abilities, Weirdness & Mutations

Your life essence is reduced to manifest your ancestor. (-10% HP)
You have a pair of horns on your head.
You reflexively headbutt those who attack you in melee.


Message History

Nefertari hits Liado's ghost but does no damage.
Liado's ghost closely misses you.
You bludgeon Liado's ghost!!
Liado's ghost flickers and vanishes!
Deactivating autopickup; reactivate with Ctrl-A.
Nefertari hits something but does no damage.
Something hits you but does no damage.
You feel drained.
You miss something. You headbutt something. The ufetubus barely misses you. x2
Nefertari hits something.
The ufetubus hits you but does no damage.
The ufetubus misses you. Something hits you.
You feel drained.
* * * LOW HITPOINT WARNING * * *
You closely miss something.
The ufetubus hits you but does no damage.
The ufetubus completely misses you.
Nefertari hits something but does no damage.
Something hits you.
* * * LOW HITPOINT WARNING * * *
You feel drained. The orc wizard casts a spell at you.
The puff of flame hits something.
The ufetubus hits you but does no damage.
The ufetubus barely misses you.
You sock the gargoyle!
The gargoyle is almost destroyed.
The ufetubus hits you but does no damage. x2
Nefertari closely misses something.
Something hits you.
* * * LOW HITPOINT WARNING * * *
You feel drained.
* * * LOW HITPOINT WARNING * * *
The gargoyle barely misses you.
You hit the gargoyle but do no damage.
The gargoyle suddenly seems more agile.
The gargoyle is almost destroyed.
The ufetubus hits you.
* * * LOW HITPOINT WARNING * * *
The ufetubus misses you.
Nefertari hits something.
Something hits you.
* * * LOW HITPOINT WARNING * * *
You feel drained.
The ufetubus hits you but does no damage.
The ufetubus misses you. The gargoyle hits you with a +0 mace!
You die...

############
###..........#
######.....R.o....#
#..<.#......{59...###
####.....##''†##@.......
......####.....##...###+
##...## #..._...#...#
#..######8..8..8#####
........#∩.....∩# ###
....######.8∩8.## #)#
...## ####### #.# ..##
##..##. #.###### ..#
#..##..####...>..#


You could see the friendly Nefertari the ancestor, a gargoyle (agile), an orc
wizard and an ufetubus.

Vanquished Creatures
  Menkaure (D:4)
  A water moccasin (D:6)
  An orc warrior (D:6)
  A black bear (D:6)
  An ice beast (D:5)
  2 ogres (D:5)
  A phantom (D:4)
  A bullfrog (D:6)
  A scorpion (D:5)
  A wyvern zombie (D:6)
  A crimson imp (D:6)
  3 orc priests
  3 hounds
  Ijyb (D:3)
  Natasha (twice) (D:4)
  A scorpion zombie (D:5)
  Robin (D:4)
  2 hound skeletons (D:4)
  3 adders
  A white imp (D:6)
  2 ufetubi (D:5)
  An adder skeleton (D:4)
  An adder zombie (D:5)
  4 dart slugs
  13 orcs
  7 endoplasms
  2 giant cockroaches (D:1)
  12 goblins
  8 hobgoblins
  5 jackals
  7 kobolds
  5 quokkas
  4 ball pythons
  6 bats
  A frilled lizard (D:2)
  5 rats
112 creatures vanquished.

Vanquished Creatures (collateral kills)
  2 hounds
  An orc wizard (D:6)
  A hound skeleton (D:5)
  3 orcs
  2 goblins (D:4)
  A hobgoblin (D:4)
10 creatures vanquished.

Vanquished Creatures (others)
  An adder (D:3)
  A bat (D:3)
  34 plants (D:4)
36 creatures vanquished.

Grand Total: 158 creatures vanquished

Notes
Turn   | Place    | Note
-------+----------+-------------------------------------------
     0 | D:1      | MarxPower the Minotaur Hunter began the quest for the Orb.
     0 | D:1      | Reached XP level 1. HP: 18/18 MP: 0/0
   113 | D:1      | Reached XP level 2. HP: 25/25 MP: 1/1
   296 | D:1      | Reached skill level 5 in Slings
   527 | D:1      | Reached XP level 3. HP: 30/30 MP: 2/2
  1176 | D:2      | Found a faded altar of an unknown god.
  1183 | D:2      | Prayed at the altar of an unknown god.
  1183 | D:2      | Became a worshipper of Hepliaklqana the Forgotten
  1183 | D:2      | Reached * piety under Hepliaklqana
  1591 | D:3      | Reached skill level 1 in Armour
  1591 | D:3      | Reached XP level 4. HP: 21/34 MP: 3/3
  1891 | D:3      | Noticed Ijyb
  1904 | D:3      | Killed Ijyb
  1905 | D:3      | Reached skill level 6 in Slings
  2479 | D:3      | Reached XP level 5. HP: 39/40 MP: 4/4
  2484 | D:3      | Found a bloodstained altar of Trog.
  2714 | D:4      | Noticed Natasha
  2722 | D:4      | Killed Natasha
  2760 | D:4      | Noticed Robin
  2774 | D:4      | Killed Robin
  3048 | D:4      | Reached skill level 1 in Polearms
  3125 | D:4      | Noticed Menkaure
  3135 | D:4      | Killed Menkaure
  3136 | D:4      | Reached XP level 6. HP: 26/46 MP: 5/5
  3291 | D:4      | Reached skill level 1 in Throwing
  3501 | D:4      | Reached XP level 7. HP: 29/53 MP: 6/6
  3715 | D:4      | Reached ** piety under Hepliaklqana
  3723 | D:4      | Noticed Natasha
  3732 | D:4      | Killed Natasha
  4117 | D:5      | Entered Level 5 of the Dungeon
  4123 | D:5      | Reached skill level 1 in Stealth
  4206 | D:5      | Reached skill level 7 in Slings
  4206 | D:5      | Found a staircase to the Ecumenical Temple.
  4299 | D:5      | Reached XP level 8. HP: 53/60 MP: 7/7
  4644 | D:5      | Identified the +12 quarterstaff of Untruth {chaos, rPois
                  | rC+ Str-4}
  4710 | D:6      | Reached skill level 5 in Polearms
  4736 | D:6      | Reached skill level 1 in Staves
  4738 | D:6      | Reached skill level 5 in Fighting
  4743 | D:6      | Reached skill level 5 in Armour
  4915 | D:6      | Found Emahauh's Assorted Antiques.
  5129 | D:6      | Identified the +3 war axe "Awo Same" {pain, Fly rElec Will-
                  | SInv}
  5218 | D:6      | Found a runed translucent gate.
  5219 | D:6      | Found a runed translucent gate.
  5220 | D:6      | Found a runed translucent gate.
  5220 | D:6      | Noticed Liado's ghost (novice DgFi)
  5221 | D:6      | Found an opulent altar of Gozag.
  5223 | D:6      | Noticed a gargoyle
  5245 | D:6      | Mangled by a gargoyle

Illustrated notes

Levels and vault maps discovered:
D:1:      matt_arrival_spirals, layout_basic, minmay_quantized
D:2:      layout_rooms, ebering_ecumenical_altar_abandoned
D:3:      layout_loops_ring, trog_butcher_becter, serial_rivers,
          chequers_serial_rivers_marsh, chequers_serial_rivers_large_a,
          chequers_serial_rivers_room_a, chequers_serial_rivers_micro_d,
          chequers_serial_rivers_micro_d, chequers_serial_rivers_micro_b,
          uniq_ijyb
D:4:      layout_loops_ring, serial_bayou, serial_bayou_lagoon_a,
          serial_bayou_crossing, serial_bayou_shore_b, serial_bayou_pond_b,
          columned_hall_lemuel, amcnicky_mini_rare_corridor_liquid,
          uniq_menkaure, uniq_robin, uniq_natasha
D:5:      layout_loops_ring, minmay_temple_entry_stoned_glass
D:6:      layout_rooms, ebering_ghost_gozag, serial_shops, shop,
          kennysheep_little_box, minmay_fire_ice_demons

Skill      XL: |  1  2  3  4  5  6  7  8 |
---------------+-------------------------+-----
Slings         | 5 6 7 |  7.4
Fighting       | 3 4 5 |  5.0
Armour         | 1 2 3 4 5 |  5.0
Polearms       | 2 3 4 5 |  5.8
Dodging        | 3 4 |  4.3
Throwing       | 1 2 |  2.4
Stealth        | 1 |  1.7
Staves         | 2 |  2.0

Action                   |  1- 3 |  4- 6 |  7- 9 || total
-------------------------+-------+-------+-------++-------
Melee: Spear             |    12 |    94 |    44 ||   150
       Trident           |     3 |       |       ||     3
       Headbutt          |       |    15 |    11 ||    26
       Hunting sling     |       |     1 |       ||     1
       Quarterstaff      |       |       |    30 ||    30
 Fire: Hunting sling     |   102 |    27 |     9 ||   138
Throw: Boomerang         |     2 |     9 |     8 ||    19
       Stone             |       |     6 |       ||     6
  Use: Scroll            |     1 |     1 |     1 ||     3
       Potion            |       |     1 |     5 ||     6
Armor: Leather armour    |     9 |       |       ||     9
       Ring mail         |       |    33 |    29 ||    62
Dodge: Dodged            |    30 |    58 |    52 ||   140

Table legend: (Time is in decaauts)
 A = Elapsed time spent in this place.
 B = Non-inter-level travel time spent in this place.
 C = Inter-level travel time spent in this place.
 D = Time resting spent in this place.
 E = Time spent auto-exploring this place.
 F = Levels seen in this place.
 G = Mean time per level.
                   A        B        C        D        E       F      G
               +--------+--------+--------+--------+--------+-----+--------+
         Total |   5260 |   5260 |      0 |    222 |   2971 |   6 |  876.7 |
       Dungeon |   5260 |   5260 |      0 |    222 |   2971 |   6 |  876.7 |
               +--------+--------+--------+--------+--------+-----+--------+

Top non-repeatable levels by time:
     D:4: 1463 daAuts
     D:3: 1284 daAuts
     D:1: 813 daAuts
     D:5: 576 daAuts
     D:2: 571 daAuts
     D:6: 550 daAuts
